 Dungeon Crawl Stone Soup version 0.29-a0-1047-g7c58e119a4 (webtiles) character file.

Game seed: 946677905067827856

105218 D0lphin the Severer (level 15, -3/139 HPs)
             Began as a Minotaur Berserker on Aug 16, 2022.
             Was a High Priest of Trog.
             Killed from afar by a Brimstone Fiend (42 damage)
             ... with damnation
             ... created by a Zot trap
             ... on level 1 of the Depths on Aug 17, 2022.
             The game lasted 02:05:49 (29803 turns).

D0lphin the Severer (Minotaur Berserker)           Turns: 29803, Time: 02:05:50

Health: -3/139     AC: 25    Str: 37    XL:     15   Next: 94%
Magic:  14/14      EV: 11    Int:  4    God:    Trog [*****.]
Gold:   888        SH: 22    Dex: 11    Spells: 14/14 levels left

rFire   + + .      SeeInvis .   D - +2 war axe (vamp)
rCold   + + .      Faith    .   e - +0 tower shield
rNeg    . . .      Spirit   .   H - +0 plate armour
rPois   +          Reflect  +   w - +1 hat
rElec   +          Harm     .   W - +1 cloak
rCorr   +          Rampage  .   k - +2 pair of gloves {Str+3}
Will    ++...      Clarity  +   R - +0 pair of boots {Fly}
Stlth   ..........              V - amulet of reflection
HPRegen 0.33/turn               o - +6 ring of strength
MPRegen 0.14/turn               y - ring of willpower

@: silenced (expiring), resistant, flying
A: horns 2, retaliatory headbutt, clarity, cold resistance 1, fire resistance 1,
noise suppression
a: Renounce Religion


You were on level 1 of the Depths.
You worshipped Trog.
Trog was extremely pleased with you.
You visited 5 branches of the dungeon, and saw 22 of its levels.
You also visited: Ossuary and Bailey.

You collected 1446 gold pieces.
You spent 558 gold pieces at shops.

Inventory:

Hand Weapons
 D - a +2 vampiric war axe (weapon)
Missiles
 l - 33 boomerangs (quivered)
 r - 4 throwing nets
 I - 5 atropa-tipped darts
 Y - 6 javelins
Armour
 e - a +0 tower shield (worn)
 k - a +2 pair of gloves of strength (worn)
 w - a +1 hat (worn)
 H - a +0 plate armour (worn)
 R - a +0 pair of boots of flying (worn)
 W - a +1 cloak (worn)
Jewellery
 o - a +6 ring of strength (left hand)
 y - a ring of willpower (right hand)
 L - a ring of protection from cold
 O - a ring of poison resistance
 V - an amulet of reflection (around neck)
Wands
 c - a wand of mindburst (7)
 z - a wand of iceblast (10)
 G - a wand of flame (17)
 J - a wand of polymorph (16)
 U - a wand of paralysis (24)
Scrolls
 a - 5 scrolls of magic mapping
 f - 3 scrolls of blinking
 h - a scroll of acquirement {unknown}
 i - 4 scrolls of identify
 n - 5 scrolls of enchant weapon
 p - 2 scrolls of poison
 q - 4 scrolls of immolation
 A - a scroll of torment
 C - 4 scrolls of vulnerability
 E - 6 scrolls of fog
 F - a scroll of brand weapon {unknown}
 Q - 2 scrolls of teleportation
 X - a scroll of silence
Potions
 d - 12 potions of curing
 g - 5 potions of ambrosia
 j - 4 potions of haste
 m - 2 potions of attraction
 t - 6 potions of lignification
 u - 2 potions of magic
 v - 6 potions of might
 B - 3 potions of resistance
 K - 7 potions of flight
 N - 2 potions of cancellation
Miscellaneous
 Z - a box of beasts


   Skills:
 + Level 14.6 Fighting
 + Level 18.9 Axes
 + Level 14.4 Armour
 + Level 13.3 Dodging
 + Level 14.5 Shields
 - Level 5.0 Evocations


You had 14 spell levels left.
You didn't know any spells.
Your spell library was empty.

Dungeon Overview and Level Annotations

Branches:
Dungeon (15/15)            Temple (0/1) D:4            Lair (5/5) D:8
  Swamp (0/4) Lair:2       Spider (1/4) Lair:3        Slime (1/5) Lair:5
 Vaults (0/5) D:13         Depths (1/4) D:15        Ossuary (visited)
 Bailey (visited)
    Orc: D:9-12

Altars:
Ashenzari
Elyvilon
Gozag
Hepliaklqana
Kikubaaqudgha
Nemelex Xobeh
Okawaru
Ru
Trog
Yredelemnul
Zin
The Shining One

Shops:
Depths:1 =::

Portals:
Ziggurat: Depths:1

Annotations:
Lair:4 exclusion: 4 oklob plants
Depths:1 1 runed translucent door


Innate Abilities, Weirdness & Mutations

You have a pair of horns on your head.
You reflexively headbutt those who attack you in melee.
You possess an exceptional clarity of mind.
Your flesh is cold resistant. (rC+)
Your flesh is heat resistant. (rF+)
You passively dampen the noise of your surroundings.


Message History

* * * LOW HITPOINT WARNING * * *
You feel much better.
The Brimstone Fiend calls on the powers of darkness!
Your body is wracked with pain!
* * * LOW HITPOINT WARNING * * *
You feel protected.
The fire dragon simulacrum bites you but does no damage.
The fire dragon simulacrum claws you but does no damage.
You block the fire dragon simulacrum's attack.
The Brimstone Fiend calls on the powers of darkness!
Your body is wracked with pain!
* * * LOW HITPOINT WARNING * * *
You feel much better.
A titan simulacrum comes into view.
The fire dragon simulacrum bites you but does no damage.
You block the fire dragon simulacrum's attack. x2
You slash the fire dragon simulacrum!
You headbutt the fire dragon simulacrum!!
The fire dragon simulacrum vaporises!
You hit the stone giant simulacrum but do no damage.
The stone giant simulacrum barely misses you.
You hit the stone giant simulacrum.
The stone giant simulacrum is lightly damaged.
You hit the Brimstone Fiend but do no damage.
The stone giant simulacrum barely misses you.
You hit the stone giant simulacrum.
The stone giant simulacrum is lightly damaged.
You hit the hell knight skeleton.
You completely miss the Brimstone Fiend.
You block the Brimstone Fiend's attack.
The Brimstone Fiend hits you but does no damage. x2
The hell knight skeleton is engulfed in freezing vapours.
You block the hell knight skeleton's attack.
Magic scrolls do not work when you're silenced!
The Brimstone Fiend attacks as you move away!
You block the Brimstone Fiend's attack.
The Brimstone Fiend hits you but does no damage. x2
The Brimstone Fiend gestures at you.
The sphere of damnation explodes!
The damnation engulfs you!!!
You die...

####...........# #........
...............# #........
..###..........# #........
.##>##.........#
###H###........#################
##+.####.##'####.......#........
>.._..>#.##.# #.......#........
###.####.##.####.......#........
###.###........[@.1....#........
.##A##....#.####..ZZ...#........
..###.....#.# #.......#........
......###...# #.....^Z)).......
...#### .### #######'#......[.
#### #.# ..§..##Z#### #.#
.≈≈§≈≈.# # .# ##≈###≈.# .# #≈
#≈.#


You could see a Brimstone Fiend, a stone giant simulacrum, a titan simulacrum
and a hell knight skeleton.

Vanquished Creatures
  Kirke (Lair:4)
  A fire giant (Depths:1)
  Louise (D:14)
  2 stone giants (Depths:1)
  2 very ugly things (Depths:1)
  Azrael (D:14)
  A dire elephant (D:15)
  2 fire dragons (Depths:1)
  8 vault guards
  A quicksilver dragon skeleton (Depths:1)
  10 hydras
  A caustic shrike simulacrum (Depths:1)
  4 boulder beetles
  An ogre mage (D:15)
  6 two-headed ogres (D:15)
  2 catoblepae
  A spriggan air mage (Depths:1)
  5 centaur warriors
  14 death yaks
  3 tengu warriors
  Urug (Lair:3)
  The ghost of carontestyx the Skirmisher, a journeyman SpHu of Okawaru (D:9)
  2 deep trolls (Depths:1)
  2 bog bodies (Lair:2)
  3 lindwurms
  A shadow dragon zombie (Depths:1)
  3 necromancers (Depths:1)
  A wizard (Depths:1)
  A sphinx zombie (Depths:1)
  An orc sorcerer (D:15)
  An orc knight (D:15)
  3 ugly things
  A wolf spider (D:15)
  4 manticores
  5 cyclopes
  A moth of wrath (D:9)
  12 elephants
  5 black mambas
  Maurice (D:13)
  2 gargoyles
  13 rime drakes
  Psyche (D:8)
  16 cane toads
  2 kobold demonologists (D:11)
  A demonic crawler (Spider:1)
  7 komodo dragons
  4 yaktaurs (D:15)
  An efreet (D:15)
  2 freezing wraiths (D:15)
  2 tengu conjurers
  3 meliai (Lair:4)
  A polar bear (shapeshifter) (D:14)
  Grinder (D:6)
  A troll (D:10)
  4 hornets
  A queen bee (Lair:4)
  A shadow dragon simulacrum (Depths:1)
  4 polar bears
  6 slime creatures
  An ettin zombie (Depths:1)
  2 blink frogs
  A stone giant simulacrum (Depths:1)
  3 dream sheep (Lair:5)
  A centaur simulacrum (D:14)
  A spriggan zombie (Depths:1)
  5 wraiths
  37 yaks
  A shadow (D:11)
  A vampire (D:11)
  16 wyverns
  A hog (shapeshifter) (D:13)
  5 hogs (Lair:4)
  2 fire elementals (D:14)
  A steam dragon (D:7)
  9 basilisks
  10 vampire mosquitoes
  A warg (D:15)
  20 water moccasins
  Duvessa (D:6)
  A floating eye (shapeshifter) (D:14)
  The ghost of SuperCastor the Trooper, an amateur OgCK of Xom (D:3)
  2 hell hounds (D:14)
  4 black bears
  4 ice beasts
  7 orc warriors
  2 sky beasts
  A sky beast (shapeshifter) (D:14)
  2 ogres
  13 wolves
  9 centaurs
  2 phantoms
  2 kobold brigands
  14 bullfrogs
  4 scorpions
  3 gnoll sergeants
  2 necrophages
  Dowan (D:6)
  5 wights (D:9)
  43 killer bees
  4 howler monkeys
  2 electric eels (Lair:1)
  5 orc priests
  4 jellies
  7 hounds
  6 gnoll boudas
  An iguana (D:6)
  8 orc wizards
  6 hell rats
  A scorpion zombie (D:3)
  8 mummies (Ossuary)
  Robin (D:2)
  7 adders
  59 gnolls
  A shadow imp (D:7)
  2 ufetubi
  A dart slug (D:1)
  41 orcs
  14 endoplasms
  3 giant cockroaches
  22 goblins
  16 hobgoblins
  2 jackals (D:3)
  23 kobolds
  5 quokkas
  5 ball pythons
  A ball python zombie (D:3)
  6 bats
  A frilled lizard (D:1)
  A gnoll zombie (Ossuary)
  6 hobgoblin zombies (Ossuary)
  2 kobold zombies
  An orc zombie (D:5)
  8 rats
  A rat zombie (D:5)
711 creatures vanquished.

Vanquished Creatures (collateral kills)
  The ghost of Muleplesh the Ripper, a journeyman FeTm of Sif Muna (Lair:3)
1 creature vanquished.

Vanquished Creatures (others)
  A manticore (Lair:5)
  A human (Lair:4)
  A kobold (D:8)
  84 fungi
  85 plants
172 creatures vanquished.

Grand Total: 884 creatures vanquished

Notes
Turn   | Place    | Note
-------+----------+-------------------------------------------
     0 | D:1      | D0lphin the Minotaur Berserker began the quest for the Orb.
     0 | D:1      | Reached XP level 1. HP: 19/19 MP: 0/0
   267 | D:1      | Reached XP level 2. HP: 27/27 MP: 1/1
   434 | D:1      | Reached skill level 4 in Axes
   935 | D:1      | Reached XP level 3. HP: 33/33 MP: 2/2
  1222 | D:2      | Reached ** piety under Trog
  1222 | D:2      | Noticed Robin
  1233 | D:2      | Killed Robin
  1375 | D:2      | Reached XP level 4. HP: 40/40 MP: 3/3
  1433 | D:2      | Reached skill level 5 in Axes
  1628 | D:2      | Found a faded altar of an unknown god.
  1711 | D:2      | Found a glowing silver altar of Zin.
  2217 | D:3      | Noticed a scorpion
  2237 | D:3      | Killed a scorpion
  2238 | D:3      | Reached XP level 5. HP: 23/47 MP: 4/4
  2246 | D:3      | HP: 2/47 [poisoned by a scorpion]
  2642 | D:3      | Reached XP level 6. HP: 47/55 MP: 5/5
  2737 | D:3      | Reached skill level 6 in Axes
  2739 | D:3      | Reached *** piety under Trog
  2978 | D:3      | Found a runed translucent gate.
  2978 | D:3      | Found a runed translucent gate.
  2978 | D:3      | Found a runed translucent gate.
  2978 | D:3      | Noticed SuperCastor's ghost (amateur OgCK)
  2980 | D:3      | Found a basalt altar of Yredelemnul.
  2990 | D:3      | Reached skill level 5 in Fighting
  3016 | D:3      | Killed SuperCastor's ghost
  3530 | D:4      | Reached XP level 7. HP: 38/61 MP: 6/6
  3687 | D:4      | Found a staircase to the Ecumenical Temple.
  3748 | D:4      | Reached skill level 7 in Axes
  4358 | D:4      | Reached skill level 1 in Evocations
  4638 | D:5      | Entered Level 5 of the Dungeon
  4738 | D:5      | Reached **** piety under Trog
  4837 | D:5      | Reached XP level 8. HP: 52/70 MP: 7/7
  4971 | D:5      | Found a sand-covered staircase.
  4987 | Ossuary  | Entered an ossuary
  5361 | D:5      | Found a bloodstained altar of Trog.
  5398 | D:5      | Reached skill level 5 in Evocations
  5418 | D:5      | Reached skill level 5 in Armour
  6377 | D:6      | Reached skill level 8 in Axes
  6414 | D:6      | Reached skill level 5 in Dodging
  6541 | D:6      | Noticed Dowan
  6561 | D:6      | Killed Dowan
  6575 | D:6      | Noticed Grinder
  6591 | D:6      | Paralysed by Grinder for 2 turns
  6596 | D:6      | Noticed Duvessa
  6627 | D:6      | Killed Duvessa
  6679 | D:6      | Killed Grinder
  6680 | D:6      | Reached XP level 9. HP: 76/78 MP: 8/8
  6769 | D:6      | Reached skill level 9 in Axes
  7273 | D:7      | Found a glowing silver altar of Zin.
  7668 | D:7      | Reached skill level 10 in Axes
  8677 | D:7      | Found a hazy altar of Hepliaklqana.
  9025 | D:8      | Found a flagged portal.
  9031 | D:8      | Reached XP level 10. HP: 88/88 MP: 9/9
  9061 | D:8      | Reached ***** piety under Trog
  9062 | D:8      | Reached skill level 11 in Axes
  9220 | Bailey   | Entered a bailey
  9289 | Bailey   | Reached skill level 1 in Shields
  9900 | D:8      | Found a staircase to the Lair.
  9911 | D:8      | Reached skill level 5 in Shields
 10042 | D:8      | Noticed Psyche
 10078 | D:8      | Killed Psyche
 10220 | D:8      | Found Norrogh's CLEARANCE SALE!.
 10243 | D:8      | Bought a potion of curing for 12 gold pieces
 10243 | D:8      | Bought a potion of haste for 40 gold pieces
 10243 | D:8      | Bought a scroll of enchant weapon for 30 gold pieces
 10243 | D:8      | Bought a scroll of identify for 8 gold pieces
 10320 | D:8      | Received a gift from Trog
 10774 | Lair:1   | Entered Level 1 of the Lair of Beasts
 10775 | Lair:1   | Noticed a cane toad
 10793 | D:8      | Killed a cane toad
 11212 | Lair:1   | Reached XP level 11. HP: 86/95 MP: 10/10
 11481 | Lair:1   | Noticed a death yak
 11485 | Lair:1   | Noticed a death yak
 11486 | Lair:1   | Noticed a death yak
 11487 | Lair:1   | Noticed a death yak
 11491 | Lair:1   | Killed a death yak
 11492 | Lair:1   | Reached skill level 12 in Axes
 11493 | Lair:1   | Killed a death yak
 11499 | Lair:1   | Killed a death yak
 11503 | Lair:1   | Killed a death yak
 12740 | Lair:2   | Reached skill level 13 in Axes
 12797 | Lair:2   | Noticed a six-headed hydra
 12809 | Lair:2   | Killed a nine-headed hydra
 13012 | Lair:2   | Found a staircase to the Swamp.
 13012 | Lair:2   | Noticed a bog body
 13012 | Lair:2   | Noticed a bog body
 13019 | Lair:2   | Killed a bog body
 13024 | Lair:2   | Killed a bog body
 13025 | Lair:2   | Reached XP level 12. HP: 62/106 MP: 11/11
 13298 | Lair:2   | Reached skill level 10 in Fighting
 14039 | Lair:3   | Noticed Urug
 14039 | Lair:3   | Found a bloodstained altar of Trog.
 14043 | Lair:3   | Noticed a four-headed hydra
 14286 | Lair:2   | Killed a ten-headed hydra
 14287 | Lair:2   | Reached skill level 10 in Shields
 14453 | Lair:3   | Killed Urug
 14568 | Lair:3   | Noticed a death yak
 14569 | Lair:3   | Noticed a death yak
 14569 | Lair:3   | Noticed a death yak
 14596 | Lair:3   | Killed a death yak
 14597 | Lair:3   | Reached skill level 14 in Axes
 14597 | Lair:3   | Reached skill level 10 in Armour
 14605 | Lair:3   | Killed a death yak
 14612 | Lair:3   | Killed a death yak
 14944 | Lair:3   | Found a hole to the Spider Nest.
 15781 | Spider:1 | Entered Level 1 of the Spider Nest
 15844 | Spider:1 | Noticed a radroach
 16260 | Lair:4   | Noticed a catoblepas
 16287 | Lair:5   | Entered Level 5 of the Lair of Beasts
 16287 | Lair:5   | Found a staircase to the Slime Pits.
 16464 | Lair:4   | Killed a catoblepas
 16797 | Lair:4   | Noticed an eight-headed hydra
 16906 | Lair:4   | Killed a 13-headed hydra
 17074 | Lair:4   | Reached skill level 15 in Axes
 17078 | Lair:4   | Noticed Kirke
 17096 | Lair:4   | Killed Kirke
 17097 | Lair:4   | Reached XP level 13. HP: 110/116 MP: 12/12
 17151 | Lair:4   | Reached skill level 10 in Dodging
 17239 | Lair:4   | Found a runed translucent door.
 17240 | Lair:4   | Noticed Muleplesh's ghost (journeyman FeTm)
 17655 | Lair:3   | Killed Muleplesh's ghost
 18323 | Lair:4   | HP: 3/116 [poisoned by a meliai]
 19436 | Lair:4   | Reached skill level 16 in Axes
 20372 | Lair:5   | Reached XP level 14. HP: 126/126 MP: 13/13
 20567 | Lair:5   | Reached skill level 17 in Axes
 21628 | Slime:1  | Entered Level 1 of the Pits of Slime
 21877 | Lair:4   | Gained mutation: You have sharp fingernails. [potion of
                  | mutation]
 21877 | Lair:4   | Gained mutation: You are weak. (Str -2) [potion of
                  | mutation]
 21877 | Lair:4   | Gained mutation: You possess an exceptional clarity of
                  | mind. [potion of mutation]
 21878 | Lair:4   | Lost mutation: You are weak. (Str -2) [potion of mutation]
 21878 | Lair:4   | Lost mutation: You have sharp fingernails. [potion of
                  | mutation]
 21878 | Lair:4   | Gained mutation: Your natural rate of healing is unusually
                  | fast. [potion of mutation]
 21878 | Lair:4   | Gained mutation: Your flesh is heat resistant. (rF+)
                  | [potion of mutation]
 21878 | Lair:4   | Gained mutation: You are occasionally teleported next to
                  | monsters. [potion of mutation]
 21879 | Lair:4   | Lost mutation: You possess an exceptional clarity of mind.
                  | [potion of mutation]
 21879 | Lair:4   | Lost mutation: You are occasionally teleported next to
                  | monsters. [potion of mutation]
 21879 | Lair:4   | Lost mutation: Your flesh is heat resistant. (rF+) [potion
                  | of mutation]
 21879 | Lair:4   | Gained mutation: Your spells are a little easier to cast,
                  | but a little less powerful. [potion of mutation]
 21879 | Lair:4   | Gained mutation: Your body sometimes deteriorates upon
                  | taking damage. [potion of mutation]
 21879 | Lair:4   | Gained mutation: Potions are less effective at restoring
                  | your health. [potion of mutation]
 21879 | Lair:4   | Gained mutation: Your flesh is cold resistant. (rC+)
                  | [potion of mutation]
 22135 | D:9      | Found a glowing golden altar of the Shining One.
 22423 | D:9      | Identified the +1 robe of Mewnyisch {Rampage rC++ Regen+
                  | Str+3}
 22823 | D:9      | Found a transporter.
 22836 | D:9      | Noticed carontestyx's ghost (journeyman SpHu)
 22860 | D:9      | Found a transporter.
 22925 | D:9      | Killed carontestyx's ghost
 23067 | D:10     | Entered Level 10 of the Dungeon
 23071 | D:10     | Received a gift from Trog
 23220 | D:10     | Paralysed by a hornet for 2 turns
 23243 | D:10     | Lost mutation: Your spells are a little easier to cast, but
                  | a little less powerful. [potion of mutation]
 23243 | D:10     | Lost mutation: Your natural rate of healing is unusually
                  | fast. [potion of mutation]
 23243 | D:10     | Gained mutation: Your flesh is heat resistant. (rF+)
                  | [potion of mutation]
 23243 | D:10     | Gained mutation: You passively dampen the noise of your
                  | surroundings. [potion of mutation]
 23303 | D:10     | Found an opulent altar of Gozag.
 23305 | D:10     | Found a broken altar of Ashenzari.
 23307 | D:10     | Found a sparkling altar of Nemelex Xobeh.
 23321 | D:10     | Found a white marble altar of Elyvilon.
 23323 | D:10     | Found a sacrificial altar of Ru.
 23417 | D:10     | Found an ancient bone altar of Kikubaaqudgha.
 23683 | D:10     | Found an iron altar of Okawaru.
 24357 | D:11     | You are sucked into a shaft and drop 2 floors!
 24461 | D:13     | Found a gate to the Vaults.
 24837 | D:14     | Reached skill level 18 in Axes
 25728 | D:13     | Noticed Maurice
 25759 | D:13     | Killed Maurice
 25871 | D:14     | Lost mutation: Your body sometimes deteriorates upon taking
                  | damage. [potion of mutation]
 25871 | D:14     | Lost mutation: Potions are less effective at restoring your
                  | health. [potion of mutation]
 25871 | D:14     | Gained mutation: Your flesh is very cold resistant. (rC++)
                  | [potion of mutation]
 25871 | D:14     | Gained mutation: You possess an exceptional clarity of
                  | mind. [potion of mutation]
 25871 | D:14     | Lost mutation: Your flesh is very cold resistant. (rC++)
                  | [potion of mutation]
 25887 | D:14     | Noticed Louise
 25902 | D:14     | Killed Louise
 25941 | D:14     | Reached XP level 15. HP: 135/136 MP: 14/14
 26091 | D:14     | Noticed Azrael
 26109 | D:14     | Killed Azrael
 26659 | D:15     | Entered Level 15 of the Dungeon
 26863 | D:15     | Received a gift from Trog
 27853 | D:15     | Found a staircase to the Depths.
 28235 | D:15     | Paralysed by something for 4 turns
 28566 | Depths:1 | Entered Level 1 of the Depths
 28600 | Depths:1 | Noticed a fire giant
 28606 | Depths:1 | Found Ceskir's Book Boutique.
 28611 | Depths:1 | Killed a fire giant
 28613 | Depths:1 | Found Seron's Jewellery Emporium.
 28617 | Depths:1 | Found Zuuq Akk's Book Boutique.
 28628 | Depths:1 | Bought a +6 ring of strength for 468 gold pieces
 28659 | Depths:1 | Found a one-way gateway to a ziggurat.
 28688 | Depths:1 | Found a glowing silver altar of Zin.
 28688 | Depths:1 | Noticed a sphinx
 28691 | Depths:1 | Found a runed translucent door.
 29138 | Depths:1 | Received a gift from Trog
 29780 | Depths:1 | Noticed a Brimstone Fiend
 29795 | Depths:1 | HP: 6/139 [Brimstone Fiend/damnation[a Zot trap] (29)]
 29803 | Depths:1 | Killed from afar by a Brimstone Fiend

Illustrated notes

Levels and vault maps discovered:
D:1:      dpeg_arrival_rhombi, layout_loops_corners, hex_tiny,
          hangedman_abyss_or_decor_stabs
D:2:      layout_basic, hellmonk_ecumenical_altar_blasted, basic_altar,
          kennysheep_decorative_pillar, corexii_leaking_fountain, uniq_robin
D:3:      cheibrodos_old_hovel, layout_rooms, nicolae_yredelemnul_ghost_church
D:4:      layout_loops_cross, minmay_temple_entry_gardened_gates,
          dreamdust_gnoll_farm
D:5:      layout_cave_pods, mainiacjoe_overflow_catwalk, enter_ossuary_3,
          kennysheep_generic_room_8
D:6:      minmay_angry_zag, layout_loops_ring, minmay_misc_feat_room,
          uniq_grinder, uniq_duvessa
D:7:      layout_basic, mainiacjoe_overflow_alcove_4,
          mainiacjoe_overflow_boulevard, kennysheep_cross_room,
          chequers_serial_rivers_micro_c, st_stairs_3, dk_noncrumbling_4,
          chequers_serial_rivers_large_b, chequers_decorated_corner
D:8:      layout_gridville, due_lair_maze_entry_diamond, enter_bailey_5,
          nicolae_hexahallways, grunt_decor_cap, nicolae_shop_clearance,
          uniq_psyche
D:9:      layout_basic, nicolae_tso_swordbearing_angel,
          gammafunk_ghost_berserking_beasts
D:10:     layout_rooms, marbit_many_paths, grunt_temple_overflow_open,
          uniq_snorg
D:11:     layout_gridville
D:13:     layout_cross, erik_vaults_2, uniq_maurice
D:14:     layout_roguey, chequers_serial_rivers_micro_c, uniq_louise,
          uniq_azrael
D:15:     hangedman_depths_entry_try_elsewhere_first, layout_basic, special_room
          [special_room_mythical_zoo], nicolae_concentric_dashed_squares_wild
Lair:1:   layout_cave_shapes, infiniplex_staircase_pool, serial_bayou_shore_a,
          grunt_megastairs_4
Lair:2:   layout_big_grid, skrybe_swamp_entry_bodies, grunt_megastairs_5
Lair:3:   layout_roguey, dummy_spider_entry, basic_altar, lemuel_fruit_fields,
          uniq_urug
Lair:4:   hangedman_what_comes_after_a, layout_cave_pods, gammafunk_ghost_grave,
          uniq_kirke
Lair:5:   hangedman_lair_in_review, layout_small_grid, slime_entry_1
Spider:1: layout_chambers
Slime:1:  layout_caves
Depths:1: layout_gridlike, enter_ziggurat_b, grunt_hell_horde, nicolae_wwwww,
          lemuel_angel_altar, minmay_shop_grove

Skill      XL: |  1  2  3  4  5  6  7  8  9 10 11 12 13 14 15 |
---------------+----------------------------------------------+-----
Axes           | 4 5 6 7 8 10 11 13 15 16 18 | 18.9
Fighting       | 4 5 6 7 8 9 11 12 13 14 | 14.6
Armour         | 3 4 6 7 8 9 10 12 13 14 | 14.4
Dodging        | 3 4 5 6 7 8 9 11 12 13 | 13.3
Evocations     | 3 5 |  5.0
Shields        | 8 9 10 12 13 14 | 14.5

Action                   |  1- 3 |  4- 6 |  7- 9 | 10-12 | 13-15 || total
-------------------------+-------+-------+-------+-------+-------++-------
Melee: Hand axe          |    68 |   146 |   307 |       |       ||   521
       Headbutt          |     9 |    23 |    69 |   110 |   349 ||   560
       Punch             |       |     1 |     5 |       |       ||     6
       Flail             |       |       |    89 |       |       ||    89
       War axe           |       |       |    16 |    60 |  1245 ||  1321
       Broad axe         |       |       |       |   500 |   156 ||   656
Throw: Boomerang         |       |     6 |     8 |     5 |     3 ||    22
       Stone             |       |       |    11 |       |       ||    11
Invok: Berserk           |     1 |     2 |     5 |     8 |    11 ||    27
       Trog's Hand       |       |     2 |     4 |     6 |     7 ||    19
       Brothers in Arms  |       |       |       |       |     1 ||     1
Evoke: Wand              |       |       |       |       |     2 ||     2
  Use: Scroll            |       |     5 |     7 |     7 |    22 ||    41
       Potion            |       |     1 |       |     3 |    11 ||    15
 Stab: Held in net/web   |       |       |       |       |     1 ||     1
Armor: Animal skin       |     8 |       |       |       |       ||     8
       Ring mail         |     9 |    33 |    31 |       |       ||    73
       Chain mail        |       |       |    68 |       |       ||    68
       Plate armour      |       |       |     3 |   207 |   583 ||   793
Dodge: Dodged            |    36 |    87 |   316 |   376 |   674 ||  1489
Block: Kite shield       |       |       |       |   368 |   735 ||  1103
       Reflection        |       |       |       |     2 |    42 ||    44
       Tower shield      |       |       |       |       |   539 ||   539

Table legend: (Time is in decaauts)
 A = Elapsed time spent in this place.
 B = Non-inter-level travel time spent in this place.
 C = Inter-level travel time spent in this place.
 D = Time resting spent in this place.
 E = Time spent auto-exploring this place.
 F = Levels seen in this place.
 G = Mean time per level.
                   A        B        C        D        E       F      G
               +--------+--------+--------+--------+--------+-----+--------+
         Total |  29867 |  28372 |   1495 |  10340 |  11575 |  24 | 1244.5 |
       Dungeon |  16918 |  16435 |    483 |   5175 |   7626 |  14 | 1208.4 |
          Lair |  10714 |   9708 |   1006 |   4366 |   3491 |   5 | 2142.8 |
   Spider Nest |     75 |     75 |      0 |     22 |      0 |   1 |   75.0 |
    Slime Pits |      1 |      1 |      0 |      0 |      0 |   1 |    1.0 |
        Depths |   1237 |   1232 |      5 |    534 |    270 |   1 | 1237.0 |
       Ossuary |    365 |    365 |      0 |    134 |     42 |   1 |  365.0 |
        Bailey |    553 |    553 |      0 |    108 |    146 |   1 |  553.0 |
               +--------+--------+--------+--------+--------+-----+--------+

Top non-repeatable levels by time:
  Lair:3: 2811 daAuts
  Lair:4: 2524 daAuts
  Lair:5: 2096 daAuts
    D:15: 1913 daAuts
     D:7: 1779 daAuts
     D:8: 1769 daAuts
  Lair:2: 1710 daAuts
  Lair:1: 1571 daAuts
    D:14: 1414 daAuts
     D:2: 1317 daAuts
Depths:1: 1237 daAuts
     D:4: 1176 daAuts
     D:6: 1164 daAuts
     D:1: 1161 daAuts
     D:5: 1102 daAuts
